Map: [ESL] Goldenaura

Players

Oliveira - Winner!

  • Race: Terran Terran
  • Spawn Location: 12:00

Astrea

  • Race: Protoss Protoss
  • Spawn Location: 5:00

Event: ESL SC2 Masters 2023 Winter (Finals)

VOD

Have the link to the VOD?

Description

Time

  • Played on: Dec. 16, 2023, 12:59 p.m.
  • Length: 10:12

All games in this series

Show
View Real Time Build Order
Export as new Build Order

Oliveira Terran - Winner!

Build Orders: Cyclone Opening 

Get SALT Encoding   

  12  0:00  SCV  
  13  0:12  SCV  
  14  0:17  Supply Depot  
  14  0:24  SCV  
  14  0:27  Refinery  
  15  0:38  SCV  
  16  0:44  Barracks  
  16  0:50  SCV  
  17  1:03  SCV  
  18  1:15  SCV  
  19  1:30  Marine  
  19  1:31  Orbital Command  
  20  1:33  Factory  
  20  1:39  Supply Depot  
  20  1:49  Barracks Reactor  
  20  1:56  SCV  
  21  2:09  SCV  
  21  2:15  Command Center  
  22  2:27  Cyclone  
  22  2:28  Cyclone  
  26  2:32  Supply Depot  
  26  2:34  SCV  
  27  2:41  Refinery  
  27  2:44  Barracks Tech Lab  
  27  2:46  SCV  
  28  2:59  Barracks, SCV  
  29  3:08  Marine x2  
  29  3:11  SCV  
  32  3:14  Siege Tank  
  35  3:23  SCV  
  35  3:26  Marine x2  
  38  3:29  Orbital Command  
  38  3:39  SCV  
  38  3:40  Bunker  
  38  3:45  Marine x2  
  40  3:53  Barracks  
  40  3:54  SCV x2  
  42  4:00  Stimpack, Marine  
  41  4:03  Marine  
  41  4:05  Marine  
  40  4:12  SCV  
  40  4:13  SCV  
  36  4:18  Marine  
  36  4:24  SCV  
  38  4:25  SCV  
  38  4:26  Marine x2  
  41  4:32  Engineering Bay  
  41  4:36  SCV  
  41  4:38  SCV  
  43  4:39  Marauder  
  43  4:42  Supply Depot  
  43  4:44  Barracks Tech Lab, Marine  
  46  4:48  SCV  
  46  4:50  SCV  
  46  4:51  Starport  
  48  4:52  Factory Reactor  
  48  4:57  Terran Infantry Weapons Level 1  
  48  4:58  Marine  
  49  5:00  SCV  
  49  5:02  SCV  
  49  5:06  Combat Shield  
  51  5:09  Marauder  
  51  5:11  Supply Depot  
  51  5:12  Marine  
  54  5:14  SCV  
  54  5:17  SCV  
  54  5:19  Refinery  
  54  5:20  Marine  
  57  5:23  Marauder  
  57  5:26  SCV  
  60  5:29  SCV  
  60  5:33  Marauder, Supply Depot  
  63  5:36  Medivac  
  63  5:37  Medivac  
  63  5:39  SCV  
  63  5:41  SCV  
  69  5:43  Supply Depot  
  69  5:44  Marine  
  69  5:46  Concussive Shells  
  70  5:54  SCV x2, Marine  
  70  5:55  Factory Reactor, Marauder  
  75  5:59  Refinery  
  75  6:02  Supply Depot  
  75  6:03  Marauder  
  77  6:06  SCV  
  77  6:08  SCV  
  79  6:14  Supply Depot  
  79  6:16  Marauder  
  81  6:19  Marine  
  81  6:20  Marine  
  81  6:22  SCV x2  
  81  6:24  Supply Depot  
  85  6:26  Marauder  
  85  6:28  Medivac  
  85  6:29  Medivac  
  90  6:39  Command Center  
  90  6:44  Siege Tank  
  90  6:45  Barracks Tech Lab  
  90  6:46  Supply Depot  
  93  6:47  Marine  
  93  6:51  Marauder  
  93  6:52  SCV  
  93  6:53  Marine  
  98  6:56  Terran Infantry Armor Level 1, SCV  
  99  7:07  Barracks  
  101  7:08  Marauder  
  101  7:09  SCV  
  101  7:10  Barracks  
  101  7:11  SCV  
  101  7:12  Marine x2  
  105  7:17  Marauder  
  105  7:21  Siege Tank  
  110  7:27  SCV x2  
  110  7:29  Viking  
  114  7:33  Viking  
  115  7:38  Marauder  
  115  7:40  SCV  
  118  7:48  Supply Depot  
  118  7:50  SCV  
  118  7:51  Marauder, Marine x2  
  123  7:56  Siege Tank  
  126  7:59  Barracks Tech Lab  
  126  8:00  Viking  
  126  8:01  Marine  
  126  8:03  Viking, SCV  
  132  8:10  Marauder  
  134  8:13  Missile Turret  
  134  8:15  Orbital Command  
  134  8:18  Marauder, Supply Depot  
  136  8:21  Marauder  
  136  8:23  SCV x2  
  136  8:26  Marine  
  141  8:32  Marine  
  140  8:36  Marine  
  140  8:37  Marine  
  140  8:39  Viking x2  
  140  8:40  Siege Tank, Marauder  
  149  8:41  Supply Depot  
  149  8:47  Supply Depot  
  149  8:48  Supply Depot  
  149  9:02  Marine x3  
  149  9:03  Marauder, SCV x2  
  149  9:07  Marine  
  149  9:09  Liberator x2  
  163  9:10  Refinery  
  163  9:11  Supply Depot, Refinery  
  163  9:15  Siege Tank  
  167  9:17  SCV x2  
  167  9:19  Supply Depot  
  167  9:20  Marine x2  
  167  9:21  Marauder x2  
  173  9:28  Marine x2  
  173  9:33  Marauder  
  173  9:38  Marine  
  176  9:41  Marine  
  176  9:42  Marauder, Marine  
  176  9:44  SCV  
  181  9:50  Command Center  
  154  10:01  Armory  
  154  10:03  Engineering Bay  
Show
View Real Time Build Order
Export as new Build Order

Astrea Protoss 

Build Orders: 1 Gate Expand, Colossus Rush 

Get SALT Encoding   

  12  0:00  Probe  
  13  0:12  Probe  
  14  0:17  Pylon  
  14  0:24  Probe (Chrono Boost)  
  16  0:35  Gateway  
  16  0:36  Probe (Chrono Boost)  
  16  0:42  Probe (Chrono Boost)  
  16  0:44  Assimilator  
  17  0:51  Probe  
  18  1:03  Probe  
  19  1:15  Probe  
  20  1:21  Nexus  
  20  1:31  Cybernetics Core  
  20  1:34  Probe  
  21  1:41  Assimilator  
  21  1:47  Probe  
  22  1:50  Pylon  
  22  1:59  Probe  
  23  2:01  Warp Gate (Chrono Boost)  
  23  2:08  Stalker  
  23  2:11  Probe  
  26  2:23  Probe  
  26  2:28  Gateway  
  27  2:34  Pylon  
  27  2:38  Stalker, Probe  
  27  2:41  Probe  
  31  2:51  Probe  
  31  2:53  Gateway  
  31  2:56  Probe  
  33  3:03  Probe  
  34  3:08  Probe  
  35  3:15  Probe  
  36  3:20  Probe  
  37  3:28  Probe  
  37  3:29  Stalker  
  37  3:30  Stalker  
  37  3:33  Probe  
  43  3:39  Robotics Facility  
  43  3:40  Probe  
  43  3:47  Stalker  
  44  3:50  Probe  
  44  3:52  Stalker  
  44  3:55  Stalker  
  49  3:57  Probe  
  49  4:02  Probe  
  51  4:09  Stalker, Probe  
  50  4:14  Probe  
  47  4:21  Sentry, Probe  
  50  4:26  Probe  
  50  4:29  Nexus  
  50  4:31  Observer  
  52  4:33  Probe  
  52  4:35  Shield Battery  
  53  4:39  Assimilator  
  53  4:41  Pylon  
  53  4:43  Assimilator  
  53  4:45  Probe  
  54  4:57  Pylon  
  54  4:59  Probe x2 (Chrono Boost), Robotics Bay  
  56  5:09  Pylon  
  56  5:11  Probe x2 (Chrono Boost)  
  56  5:12  Observer  
  56  5:13  Immortal (Chrono Boost)  
  58  5:18  Probe x2 (Chrono Boost)  
  64  5:22  Pylon  
  64  5:24  Sentry  
  64  5:25  Sentry, Probe  
  64  5:27  Probe  
  70  5:37  Probe  
  71  5:43  Colossus (Chrono Boost), Twilight Council, Forge  
  77  5:50  Observer, Probe  
  77  5:51  Probe  
  77  5:53  Probe  
  77  5:56  Shield Battery  
  80  5:59  Extended Thermal Lance  
  80  6:02  Probe  
  80  6:04  Probe  
  82  6:06  Pylon  
  82  6:08  Blink (Chrono Boost)  
  82  6:11  Probe  
  83  6:13  Pylon  
  83  6:14  Observer  
  83  6:15  Probe  
  83  6:18  Probe  
  85  6:21  Zealot x2  
  85  6:25  Probe  
  90  6:27  Photon Cannon  
  90  6:29  Colossus (Chrono Boost)  
  90  6:33  Observer  
  90  6:37  Probe  
  90  6:38  Protoss Ground Weapons Level 1 (Chrono Boost)  
  90  6:39  Probe  
  98  6:46  Gateway  
  98  6:47  Gateway  
  98  6:49  Pylon  
  97  6:56  Stalker x2, Probe  
  97  7:00  Gateway  
  102  7:03  Pylon  
  102  7:05  Pylon  
  101  7:10  Probe, Pylon  
  101  7:11  Probe  
  103  7:16  Assimilator  
  103  7:17  Assimilator  
  103  7:18  Warp Prism (Chrono Boost)  
  103  7:21  Dark Shrine  
  103  7:22  Pylon  
  103  7:30  Probe  
  103  7:36  Stalker x2  
  109  7:37  Observer  
  106  7:45  Gravitic Drive, Gateway  
  106  7:49  Observer (Chrono Boost)  
  107  7:54  Zealot x3  
  107  7:57  Forge  
  113  8:01  Zealot x2  
  113  8:02  Charge  
  113  8:04  Pylon  
  117  8:06  Observer, Robotics Facility  
  118  8:18  Pylon  
  118  8:20  Zealot  
  118  8:21  Zealot x2  
  118  8:26  Nexus  
  122  8:42  Dark Templar  
  122  8:43  Dark Templar x2  
  122  8:48  Zealot x2  
  132  8:51  Disruptor  
  126  9:10  Zealot x3  
  126  9:11  Disruptor  
  136  9:21  Zealot x3  
  136  9:23  Shield Battery  
  142  9:24  Nexus  
  142  9:27  Disruptor  
  146  9:32  Pylon  
  146  9:33  Pylon x2  
  146  9:44  Stalker x6  
  103  10:08  Zealot x6  
Tags
 
Add a new tag
Caveats
  • Supply blocks, unpowered buildings, or Contaminate may cause inaccurate times.
  • Supply counts are checked every 10 seconds.